Map: Lerilak Crest

Players

Larraby - Winner!

  • Race: Zerg Zerg
  • League: Silver

lesha

  • Race: Terran Terran
  • League: Silver

VOD

Have the link to the VOD?

Description

Time

  • Played on: Dec. 24, 2015, 10:27 a.m.
  • Length: 6:59
Show
View Real Time Build Order
Export as new Build Order

Larraby Zerg - Winner!

Build Orders: Hatch First 

Get SALT Encoding   

  12  0:02  Drone  
  13  0:12  Overlord  
  13  0:17  Drone  
  14  0:25  Drone, Extractor  
  15  0:31  Drone  
  16  0:39  Drone  
  17  0:46  Drone  
  18  1:01  Hatchery  
  18  1:04  Extractor  
  16  1:27  Spawning Pool  
  15  1:34  Drone x3  
  18  1:45  Drone  
  19  1:57  Drone  
  20  2:07  Overlord  
  20  2:18  Queen, Zergling x2  
  20  2:19  Queen  
  23  2:37  Metabolic Boost  
  23  2:39  Zergling x4  
  23  2:43  Drone x3  
  28  2:55  Queen  
  28  2:56  Drone  
  30  3:05  Zergling x4  
  32  3:10  Drone  
  33  3:13  Drone  
  33  3:17  Drone  
  35  3:30  Drone  
  35  3:31  Overlord x2  
  36  3:36  Lair  
  36  3:38  Drone, Extractor  
  36  3:46  Evolution Chamber  
  35  3:49  Evolution Chamber, Drone x3  
  35  3:52  Drone x2  
  39  4:05  Drone  
  39  4:06  Drone x3  
  39  4:07  Drone x2  
  45  4:13  Zerg Melee Weapons Level 1  
  45  4:23  Drone x2  
  47  4:26  Extractor  
  47  4:29  Extractor  
  44  4:34  Zerg Ground Armor Level 1  
  44  4:35  Zergling x6  
  44  4:36  Zergling x4  
  49  4:45  Drone x2  
  51  5:01  Baneling Nest  
  50  5:17  Zergling x2  
  50  5:18  Overlord  
  50  5:20  Overlord  
  48  5:30  Spore Crawler  
  48  5:34  Hydralisk Den  
  45  5:54  Drone  
  45  5:55  Drone x5  
  45  5:56  Spore Crawler  
  46  6:18  Hydralisk x2  
  46  6:19  Hydralisk x5  
  46  6:20  Zergling x4  
  46  6:21  Overlord  
  58  6:42  Drone  
  58  6:43  Drone x2  
Show
View Real Time Build Order
Export as new Build Order

lesha Terran 

Build Orders: Liberator Opening, Reaper Expand 

Get SALT Encoding   

  12  0:01  SCV  
  13  0:13  SCV  
  14  0:17  Supply Depot  
  14  0:28  SCV  
  15  0:40  SCV, Barracks  
  16  0:47  Refinery  
  16  0:52  SCV  
  17  1:04  SCV  
  18  1:16  SCV  
  18  1:17  Refinery  
  19  1:32  Reaper  
  21  1:35  Orbital Command  
  20  1:54  Command Center  
  20  2:04  SCV  
  21  2:13  Factory  
  21  2:16  SCV  
  21  2:21  Marine  
  23  2:42  SCV  
  23  2:48  Supply Depot  
  23  2:59  Supply Depot  
  23  3:00  Barracks  
  23  3:02  Factory Reactor  
  23  3:05  SCV  
  24  3:13  Starport  
  24  3:16  SCV  
  24  3:17  SCV  
  24  3:19  Marine  
  27  3:29  Orbital Command  
  27  3:30  SCV  
  28  3:38  Liberator  
  28  3:39  Liberator  
  28  3:44  Barracks Tech Lab  
  28  3:46  SCV  
  29  3:58  SCV, Factory Reactor  
  29  4:00  Barracks Reactor  
  36  4:09  Stimpack  
  36  4:12  Orbital Command  
  36  4:17  Marine  
  37  4:35  Marine  
  37  4:38  SCV x2  
  40  4:42  Marine x2  
  42  4:50  SCV  
  43  4:53  Marine  
  43  4:54  Barracks  
  43  4:56  Medivac x2  
  48  5:00  Marine x2  
  48  5:05  Factory Tech Lab  
  50  5:07  Barracks  
  50  5:08  SCV x2  
  50  5:10  Marine  
  53  5:18  Marine  
  54  6:11  Medivac, Marine  
  54  6:23  SCV, Marine  
  54  6:24  SCV, Marine  
  54  6:25  Medivac  
  53  6:29  Marine  
  45  6:33  Barracks Reactor  
  45  6:36  SCV x2  
  45  6:39  Marine x2  
  44  6:41  Marine  
Tags
 
Add a new tag
Caveats
  • Supply blocks, unpowered buildings, or Contaminate may cause inaccurate times.
  • Supply counts are checked every 10 seconds.